 Dungeon Crawl Stone Soup version 0.28.0 (webtiles) character file.

Game seed: 2665708960202300273

33 Ablot the Grasshopper (level 3, -3/31 HPs)
             Began as a Gnoll Warper on Feb 17, 2022.
             Killed from afar by an orc wizard (7 damage)
             ... with a magic dart
             ... on level 1 of the Dungeon.
             The game lasted 00:01:48 (1333 turns).

Ablot the Grasshopper (Gnoll Warper)                Turns: 1333, Time: 00:01:48

Health: -3/31      AC:  3    Str: 12    XL:     3   Next: 29%
Magic:  9/9        EV: 12    Int: 12    God:
Gold:   52         SH:  0    Dex: 11    Spells: 10/12 levels left

rFire   + . .      SeeInvis .   j - +1 whip (vamp)
rCold   . . .      Faith    .   (no shield)
rNeg    . . .      Spirit   .   b - +0 leather armour
rPois   .          Reflect  .   (no helmet)
rElec   .          Harm     .   (no cloak)
rCorr   .          Rampage  .   (no gloves)
Will    .....                   (no boots)
Stlth   +.........              (no amulet)
HPRegen 0.10/turn               n - ring of protection from fire
MPRegen 0.11/turn               (no ring)

@: no status effects
A: fangs 1, strong nose, distributed training
a: no special abilities


You were on level 1 of the Dungeon.
You visited 1 branch of the dungeon, and saw 2 of its levels.

You collected 52 gold pieces.

Inventory:

Hand Weapons
 a - a +0 spear
 j - a +1 vampiric whip (weapon)
Missiles
 d - 5 boomerangs of dispersal (quivered)
 e - 12 stones
 l - 23 arrows
Armour
 b - a +0 leather armour (worn)
Jewellery
 n - a ring of protection from fire (left hand)
Scrolls
 c - 2 scrolls of blinking
 f - a scroll of noise {unknown}
 h - a scroll of fear {unknown}
 k - a scroll of amnesia {unknown}
 q - a scroll of teleportation {unknown}
Potions
 g - a potion of lignification {unknown}
 i - a potion of attraction {unknown}
 m - a potion of might {unknown}
 o - a potion of curing {unknown}
 p - a potion of degeneration {unknown}


   Skills:
 + Level 4.5 Fighting
 + Level 0.7 Short Blades
 + Level 0.7 Long Blades
 + Level 0.7 Axes
 + Level 0.7 Maces & Flails
 + Level 4.5 Polearms
 + Level 0.7 Staves
 + Level 0.7 Slings
 + Level 0.7 Bows
 + Level 0.7 Crossbows
 + Level 2.6 Throwing
 + Level 2.6 Armour
 + Level 4.5 Dodging
 + Level 0.7 Stealth
 + Level 0.7 Shields
 + Level 0.7 Unarmed Combat
 + Level 5.0 Spellcasting
 + Level 0.5 Conjurations
 + Level 0.5 Hexes
 + Level 0.5 Summonings
 + Level 0.5 Necromancy
 + Level 5.4 Translocations
 + Level 0.5 Transmutations
 + Level 0.5 Fire Magic
 + Level 0.5 Ice Magic
 + Level 0.5 Air Magic
 + Level 0.5 Earth Magic
 + Level 0.5 Poison Magic
 + Level 0.9 Invocations
 + Level 0.7 Evocations


You had 10 spell levels left.
You knew the following spells:

 Your Spells              Type           Power      Damage    Failure   Level
a - Blink                 Tloc           32%        N/A       4%          2

Your spell library contained the following spells:

 Spells                   Type           Power      Damage    Failure   Level
 Gell's Gravitas          Tloc           16%        N/A       9%          3
 Lesser Beckoning         Tloc           16%        N/A       9%          3
 Teleport Other           Tloc           16%        N/A       9%          3
 Beastly Appendage        Tmut           8%         N/A       21%         1
 Wereblood                Tmut           4%         N/A       30%         2
 Spider Form              Tmut/Pois      4%         N/A       52%         3
 Manifold Assault         Tloc           16%        N/A       58%         5


Dungeon Overview and Level Annotations

Branches:
Dungeon (2/15)

Altars:


Innate Abilities, Weirdness & Mutations

You have very sharp teeth.
Your uncanny sense of smell can sniff out nearby items.
Your experience applies equally to all skills.


Message History

The orc wizard casts a spell at you. You resist with significant effort.
The orc wizard hits you but does no damage.
There is an escape hatch in the floor here.
You hit the orc.
The orc is lightly wounded.
The orc closely misses you.
You completely miss the orc. You bite the orc, but do no damage.
The orc is lightly wounded.
The orc hits you with a +0 short sword.
You hit the orc but do no damage.
The orc is lightly wounded.
The orc closely misses you.
You hit the orc.
You feel better.
The orc is moderately wounded.
The orc barely misses you.
You whack the orc!
You kill the orc!
You hit the orc.
You feel better.
The orc is moderately wounded.
The orc hits you with a +0 club.
You closely miss the orc. You bite the orc, but do no damage.
The orc is moderately wounded.
The orc misses you.
You closely miss the orc. You bite the orc.
The orc is heavily wounded.
The orc closely misses you.
You closely miss the orc wizard. You bite the orc wizard.
The orc wizard is severely wounded.
The orc wizard closely misses you.
You closely miss the orc wizard.
The orc wizard is severely wounded.
The orc wizard points at you and mumbles some strange words.
The magic dart hits you!
* * * LOW HITPOINT WARNING * * *
You barely miss the orc wizard.
The orc wizard is severely wounded.
The orc wizard casts a spell at you. The magic dart hits you!
You die...

#.##.#########............#
#.##.# #.......##########.#
#.##.###.####### #.#
...#.#........# #.#
####.########.# #.####
...........##.#### #....#
####.#######.....# ####.##
#..#.#........##.# #..##
..##.#........##@# ##...##
####.#........##o## #......
#<#....#..>#.o.# ##...##
###......oo#...# #####..#..
#........#...#### #..)......
#.......o.....^.###.####...#
###...#....................#
#...#....#....###.#####..#
#####.......###.### #.# #..#


You could see an orc wizard and an orc.

Vanquished Creatures
  A dart slug (D:1)
  An orc (D:1)
  4 ball pythons (D:1)
  2 bats (D:1)
  An endoplasm (D:1)
  2 giant cockroaches (D:1)
  A goblin (D:1)
  4 hobgoblins (D:1)
  3 kobolds (D:1)
  4 quokkas (D:1)
  A frilled lizard (D:1)
  2 rats (D:1)
26 creatures vanquished.

Notes
Turn   | Place    | Note
-------+----------+-------------------------------------------
     0 | D:1      | Ablot the Gnoll Warper began the quest for the Orb.
     0 | D:1      | Reached XP level 1. HP: 20/20 MP: 6/6
   257 | D:1      | Reached XP level 2. HP: 26/26 MP: 7/7
   260 | D:1      | Learned a level 2 spell: Blink
   950 | D:1      | Reached XP level 3. HP: 29/31 MP: 9/9
   973 | D:1      | Reached skill level 5 in Spellcasting
  1333 | D:1      | Killed from afar by an orc wizard

Illustrated notes

Levels and vault maps discovered:
D:1:      lemuel_arrival_cross, layout_loops_ring, minmay_hexomino_c4
D:2:      layout_rooms, minmay_crystal_water, minivault_19, uniq_natasha

Skill      XL: |  1  2  3 |
---------------+----------+-----
Spellcasting   | 5 |  5.0
Fighting       | |  4.5
Short Blades   | |  0.7
Long Blades    | |  0.7
Axes           | |  0.7
Maces & Flails | |  0.7
Polearms       | |  4.5
Staves         | |  0.7
Slings         | |  0.7
Bows           | |  0.7
Crossbows      | |  0.7
Throwing       | |  2.6
Armour         | |  2.6
Dodging        | |  4.5
Stealth        | |  0.7
Shields        | |  0.7
Unarmed Combat | |  0.7
Conjurations   | |  0.5
Hexes          | |  0.5
Summonings     | |  0.5
Necromancy     | |  0.5
Translocations | |  5.4
Transmutations | |  0.5
Fire Magic     | |  0.5
Ice Magic      | |  0.5
Air Magic      | |  0.5
Earth Magic    | |  0.5
Poison Magic   | |  0.5
Invocations    | |  0.9
Evocations     | |  0.7

Action                   || total
-------------------------++-------
Melee: Spear             ||    55
       Bite              ||    10
       Whip              ||    60
 Stab: Sleeping          ||     2
Armor: Leather armour    ||    26
Dodge: Dodged            ||    77
